 Dungeon Crawl Stone Soup version 0.31-a0-875-g02e7d12df6 (webtiles) character file.

Game seed: 3382816407551350494

304 Aneyh the Trooper (level 6, -1/42 HPs)
             Began as a Tengu Monk on Oct 12, 2023.
             Blown up by Ijyb (14 damage)
             ... with a mindburst bolt
             ... on level 3 of the Dungeon.
             The game lasted 00:03:53 (1697 turns).

Aneyh the Trooper (Tengu Monk)                      Turns: 1697, Time: 00:03:54

Health: -1/42      AC:  8    Str: 13    XL:     6   Next: 38%
Magic:  7/7        EV: 13    Int: 10    God:
Gold:   137        SH:  0    Dex: 17    Spells: 5/5 levels left

rFire   . . .        a - +0 spear
rCold   . . .        (no shield)
rNeg    . . .        f - +0 leather armour
rPois   +            (helmet restricted)
rElec   .            (no cloak)
rCorr   .            n - +0 pair of gloves
SInv    .            (boots unavailable)
Will    .....        (no amulet)
Stlth   +            e - +4 ring of protection
HPRegen 0.27/turn    t - ring of poison resistance
MPRegen 0.10/turn

%: acrobat
@: studying Necromancy
A: beak, talons 3, acrobatic
a: no special abilities


You were on level 3 of the Dungeon.
You visited 1 branch of the dungeon, and saw 3 of its levels.

You collected 137 gold pieces.

Inventory:

Hand Weapons
 a - a +0 spear (weapon)
 o - a +0 scythe
 p - a +5 club
Missiles
 s - 2 throwing nets
Armour
 b - a +0 robe
 d - an orb of light
 f - a +0 leather armour (worn)
 n - a +0 pair of gloves (worn)
Jewellery
 e - a +4 ring of protection (left hand)
 t - a ring of poison resistance (right hand)
Scrolls
 g - 3 scrolls of teleportation {unknown}
 h - a scroll of fog {unknown}
 j - 2 scrolls of blinking {unknown}
 k - 2 scrolls of fear {unknown}
 m - 2 scrolls of identify {unknown}
Potions
 c - a potion of ambrosia
 i - a potion of mutation {unknown}
 l - a potion of might {unknown}
 q - a potion of curing {unknown}
 r - a potion of haste {unknown}


   Skills:
 * Level 6.6 Fighting
 - Level 4.0 Polearms
 - Level 3.2 Dodging


You had 5 spell levels left.
You didn't know any spells.
Your spell library contained the following spells:

 Spells                   Type           Power      Damage    Failure   Level
 Foxfire                  Conj/Fire      0%         2x1d4     43%         1
 Kiss of Death            Conj/Necr      0%         2d5       43%         1
 Plasma Beam              Fire/Air       0%         2x1d10    100%        6
 Starburst                Conj/Fire      0%         6d3       100%        6


Dungeon Overview and Level Annotations

Branches:
Dungeon (3/15)

Altars:
Uskayaw
Xom

Annotations:
D:2 1 runed translucent door, Crazy Yiuf
D:3 Ijyb


Innate Abilities, Weirdness & Mutations

You have a beak for a mouth.
You have claws for feet.
You can magically evade attacks while moving or waiting.


Message History

Ijyb is lightly wounded.
You reach to attack!
You hit Ijyb but do no damage.
Ijyb is lightly wounded.
Ijyb zaps a wand.
Your mind is blasted!
You reach to attack!
You closely miss Ijyb.
Ijyb is lightly wounded.
Ijyb zaps a wand.
You barely resist.
You reach to attack!
You hit Ijyb.
Ijyb is lightly wounded.
A goblin comes into view. It is wielding a +0 club.
Ijyb zaps a wand.
Your mind is blasted!
Found a potion of ambrosia.
Ijyb zaps a wand.
Your mind is blasted!
You closely miss Ijyb. You claw Ijyb.
Ijyb is moderately wounded.
Ijyb hits you with a +0 dagger of venom.
You hit Ijyb but do no damage. You claw Ijyb, but do no damage.
Ijyb is moderately wounded.
Ijyb hits you but does no damage.
You hit Ijyb but do no damage. You claw Ijyb. You peck Ijyb, but do no damage.
Ijyb is heavily wounded.
Ijyb hits you with a +0 dagger of venom.
You hit Ijyb but do no damage. You claw Ijyb. You peck Ijyb.
Ijyb is severely wounded.
Ijyb zaps a wand.
Your mind is blasted!
You hit Ijyb but do no damage. You peck Ijyb, but do no damage.
Ijyb is severely wounded.
Ijyb screams, "Me very upset!"
You hit the goblin. You claw the goblin.
You kill the goblin!
Ijyb zaps a wand.
Your mind is blasted!
* * * LOW HITPOINT WARNING * * *
Ijyb completely misses you.
Things that are here:
a +0 club; a goblin corpse You hit Ijyb but do no damage.
You claw Ijyb. You peck Ijyb, but do no damage.
Ijyb is almost dead.
You hit Ijyb but do no damage. Your peck misses Ijyb.
Ijyb is almost dead.
Ijyb zaps a wand.
Your mind is blasted!
You die...

...........
.......# #.......<
.....!# #
#........ .....#
#.###....... ....#
#....._...#. ...#
.#.##....#.#. ..#
.# #........ #.#
.# ##......# #@##
.# #....##.# #.g#
.# ##.#...#..
##.##.#.##.#.#....
#..#.#.#....####.
##.......#.## #. .
##..#......# #.
#.###
##.##.##.#.####.
#....##..#
#.#......
##....###
#.######.


You could see Ijyb.

Vanquished Creatures
  Sigmund (D:2)
  Jessica (D:3)
  3 adders (D:2)
  2 worms (D:2)
  2 dart slugs
  5 ball pythons
  7 endoplasms
  5 giant cockroaches
  6 hobgoblins
  4 quokkas
  3 bats
  4 frilled lizards
  8 goblins
  12 kobolds
  11 rats
74 creatures vanquished.

Notes
Turn   | Place    | Note
-------+----------+-------------------------------------------
     0 | D:1      | Aneyh the Tengu Monk began the quest for the Orb.
     0 | D:1      | Reached XP level 1. HP: 14/14 MP: 2/2
    32 | D:1      | Reached XP level 2. HP: 6/19 MP: 3/3
   140 | D:1      | Reached XP level 3. HP: 24/24 MP: 4/4
   182 | D:1      | Reached skill level 4 in Fighting
   449 | D:2      | Noticed Sigmund
   515 | D:2      | Reached XP level 4. HP: 30/30 MP: 5/5
   741 | D:2      | Identified the +0 hammer "Odahus" {freeze, rC+ Str+2 Int+3
                  | SInv}
   977 | D:2      | Killed Sigmund
   978 | D:2      | Reached skill level 6 in Fighting
   978 | D:2      | Reached XP level 5. HP: 15/37 MP: 6/6
   978 | D:2      | Reached XP level 6. HP: 17/42 MP: 7/7
  1343 | D:2      | Found a runed translucent door.
  1344 | D:2      | Noticed Crazy Yiuf
  1399 | D:3      | Noticed Jessica
  1399 | D:3      | Found a shimmering altar of Xom.
  1481 | D:3      | Found a faded altar of an unknown god.
  1492 | D:3      | Killed Jessica
  1500 | D:3      | Got a quavering book
  1611 | D:3      | Found a hide-covered altar of Uskayaw.
  1681 | D:3      | Noticed Ijyb
  1697 | D:3      | Blown up by Ijyb

Illustrated notes

Levels and vault maps discovered:
D:1:      ncdulo_lavacross, layout_rooms, minivault_26, minmay_surrounded
D:2:      layout_loops_ring, minmay_tetromino_l4, uniq_crazy_yiuf_cottage,
          uniq_sigmund
D:3:      layout_rooms, mainiacjoe_overflow_tiny_flanked,
          brannock_xom_greatest_gift, shapermc_ecumenical_altar_rom_forum,
          uniq_ijyb, uniq_jessica

Skill      XL: |  1  2  3  4 |
---------------+-------------+-----
Fighting       | 4 6 |  6.6
Polearms       | 4 |  4.0
Dodging        | |  3.2

Action                     |  1- 3 |  4- 6 || total
---------------------------+-------+-------++-------
  Melee: Spear             |    93 |   107 ||   200
         Peck              |     9 |    12 ||    21
         Kick              |    23 |    27 ||    50
         Punch             |       |     1 ||     1
   Stab: Sleeping          |     1 |     3 ||     4
 Armour: Robe              |    28 |     1 ||    29
         Leather armour    |       |    29 ||    29
  Dodge: Dodged            |    61 |    41 ||   102

Table legend: (Time is in decaauts)
 A = Elapsed time spent in this place.
 B = Non-inter-level travel time spent in this place.
 C = Inter-level travel time spent in this place.
 D = Time resting spent in this place.
 E = Time spent auto-exploring this place.
 F = Levels seen in this place.
 G = Mean time per level.
                   A        B        C        D        E       F      G
               +--------+--------+--------+--------+--------+-----+--------+
         Total |   1680 |   1519 |    161 |    131 |    939 |   3 |  560.0 |
       Dungeon |   1680 |   1519 |    161 |    131 |    939 |   3 |  560.0 |
               +--------+--------+--------+--------+--------+-----+--------+

Top non-repeatable levels by time:
     D:2: 1011 daAuts
     D:1: 453 daAuts
     D:3: 215 daAuts
